 Dungeon Crawl Stone Soup version 0.28.0-49-g6dfe1f597d (webtiles) character file.

Game seed: 16441874851891616890

317 Peloso the Skirmisher (level 6, 0/56 HPs)
             Began as a Minotaur Fighter on May 18, 2022.
             Slain by Duvessa
             ... wielding a +0 rapier
              (8 damage)
             ... on level 4 of the Dungeon.
             The game lasted 00:04:08 (3302 turns).

Peloso the Skirmisher (Minotaur Fighter)            Turns: 3302, Time: 00:04:08

Health: 0/56       AC:  9    Str: 21    XL:     6   Next: 20%
Magic:  5/5        EV:  7    Int:  5    God:
Gold:   98         SH:  5    Dex: 11    Spells: 5/5 levels left

rFire   . . .      SeeInvis .   a - +0 long sword
rCold   . . .      Faith    .   c - +0 buckler
rNeg    . . .      Spirit   .   l - +0 chain mail
rPois   .          Reflect  .   (helmet restricted)
rElec   .          Harm     .   (no cloak)
rCorr   .          Rampage  .   (no gloves)
Will    .....                   (no boots)
Stlth   ..........              (no amulet)
HPRegen 0.18/turn               (no ring)
MPRegen 0.09/turn               (no ring)

@: no status effects
A: horns 2, retaliatory headbutt
a: no special abilities


You were on level 4 of the Dungeon.
You visited 1 branch of the dungeon, and saw 4 of its levels.

You collected 98 gold pieces.

Inventory:

Hand Weapons
 a - a +0 long sword (weapon)
Armour
 b - a +0 scale mail
 c - a +0 buckler (worn)
 l - a +0 chain mail (worn)
Scrolls
 f - 2 scrolls of immolation {unknown}
 h - 5 scrolls of identify {unknown}
 j - a scroll of amnesia {unknown}
 k - a scroll of vulnerability {unknown}
 m - a scroll of fog {unknown}
 o - a scroll of magic mapping {unknown}
 p - 2 scrolls of teleportation {unknown}
Potions
 d - a potion of might
 e - a potion of invisibility
 g - a potion of haste {unknown}
 i - 2 potions of curing {unknown}
 n - a potion of lignification {unknown}


   Skills:
 + Level 5.3 Fighting
 + Level 4.8 Long Blades
 + Level 5.2 Armour
 + Level 1.0 Dodging
 + Level 4.5 Shields


You had 5 spell levels left.
You didn't know any spells.
Your spell library contained the following spells:

 Spells                   Type           Power      Damage    Failure   Level
 Iskenderun's Battlesphe  Conj           0%         2d6       100%        5
 Iron Shot                Conj/Erth      0%         9d1       100%        6
 Spellforged Servitor     Conj/Summ      0%         N/A       100%        7


Dungeon Overview and Level Annotations

Branches:
Dungeon (4/15)
 Temple: D:4-7

Altars:
Ashenzari

Annotations:
D:4 Duvessa


Innate Abilities, Weirdness & Mutations

You have a pair of horns on your head.
You reflexively headbutt those who attack you in melee.


Message History

There is a stone staircase leading up here.
You closely miss Dowan. You headbutt Dowan.
Dowan is lightly wounded.
Dowan hits you with a +0 dagger.
You miss Dowan. You headbutt Dowan.
Dowan is lightly wounded.
Dowan zaps a wand.
The puff of flame hits you.
You barely miss Dowan. You headbutt Dowan!
Dowan is heavily wounded.
Dowan points at you and mumbles some strange words.
The puff of flame hits you but does no damage.
Duvessa hits you with a +0 rapier.
You barely miss Dowan. Your headbutt misses Dowan.
Dowan is heavily wounded.
Dowan hits you with a +0 dagger.
Duvessa drinks a potion.
Duvessa flickers and vanishes!
Deactivating autopickup; reactivate with Ctrl-A.
Dowan points at you and mumbles some strange words.
The puff of frost hits you.
You miss Dowan. You headbutt Dowan.
Dowan is severely wounded.
You hear a zap.
A puff of flame appears from out of thin air!
The puff of flame hits you. Dowan hits you but does no damage.
Something hits you.
Unknown command.
You slash Dowan!
You kill Dowan!
Something screams in a voice full of rage, "No, no!"
Something hits you!
Found 13 sling bullets and a ring mail.
Something hits you! You block something's attack.
Items here: ) / [ †.
You slash something! Something hits you.
* * * LOW HITPOINT WARNING * * *
Something hits you!
* * * LOW HITPOINT WARNING * * *
You hit something but do no damage. You headbutt something.
Something hits you but does no damage. Something hits you!
You die...

......... .#
..........##
...... )..#.
.....[....#
...#.....
..#... ##..#
#..
#<{.#.(...
##@.......
#........
....##...
#...... ..
#....... (
#.........
#..##.....
#... ...#.


There were no monsters in sight!

Vanquished Creatures
  Dowan (D:4)
  A hound (D:3)
  An orc priest (D:2)
  Robin (D:3)
  4 gnolls (D:3)
  4 adders
  2 worms
  2 dart slugs
  9 orcs
  4 ball pythons (D:1)
  A bat (D:3)
  7 endoplasms
  A giant cockroach (D:3)
  15 goblins
  8 hobgoblins
  11 jackals
  2 kobolds
  4 quokkas
  3 frilled lizards
  22 rats
103 creatures vanquished.

Notes
Turn   | Place    | Note
-------+----------+-------------------------------------------
     0 | D:1      | Peloso the Minotaur Fighter began the quest for the Orb.
     0 | D:1      | Reached XP level 1. HP: 19/19 MP: 0/0
    90 | D:1      | Reached XP level 2. HP: 27/27 MP: 1/1
   542 | D:1      | Reached XP level 3. HP: 33/33 MP: 2/2
   956 | D:2      | You fall into a shaft and drop 1 floor!
   999 | D:3      | Noticed Robin
  1027 | D:3      | Reached XP level 4. HP: 20/41 MP: 3/3
  1035 | D:3      | Killed Robin
  1729 | D:2      | Found a broken altar of Ashenzari.
  1851 | D:2      | Reached skill level 5 in Fighting
  1862 | D:3      | Reached XP level 5. HP: 23/48 MP: 4/4
  2230 | D:2      | Reached skill level 1 in Dodging
  3044 | D:3      | Reached skill level 5 in Armour
  3166 | D:4      | Noticed Dowan
  3166 | D:4      | Noticed Duvessa
  3173 | D:3      | Reached XP level 6. HP: 54/56 MP: 5/5
  3299 | D:4      | Killed Dowan
  3302 | D:4      | Slain by Duvessa

Illustrated notes

Levels and vault maps discovered:
D:1:      mrwooster_arrival_arrow, layout_basic
D:2:      layout_basic, basic_altar, glass_columns_a, minmay_rat_hole
D:3:      layout_basic, uniq_robin
D:4:      nicolae_BIG_FREAKIN_CUBE, layout_cave_pools,
          nicolae_qazlal_style_of_elements, slow_altar_2,
          hangedman_decor_slide_cut, uniq_duvessa, uniq_ijyb

Skill      XL: |  1  2  3  4  5 |
---------------+----------------+-----
Armour         | 4 5 |  5.2
Fighting       | 4 5 |  5.3
Shields        | 4 |  4.5
Long Blades    | 3 4 |  4.8
Dodging        | 1 |  1.0

Action                   |  1- 3 |  4- 6 || total
-------------------------+-------+-------++-------
Melee: Long sword        |    73 |   126 ||   199
       Headbutt          |     8 |    24 ||    32
Armor: Scale mail        |    36 |    12 ||    48
       Chain mail        |       |    48 ||    48
Dodge: Dodged            |    38 |    52 ||    90
Block: Buckler           |    29 |    30 ||    59
